 Dungeon Crawl Stone Soup version 0.31.0-12-g77e489cdc1 (webtiles) character file.

Game seed: 18288289599300935177

322 monsoonserge the Cutter (level 6, -6/32 HPs)
             Began as a Spriggan Monk on Feb 16, 2024.
             Was a Priest of Zin.
             Mangled by a gnoll
             ... wielding a +0 heavy flail
              (21 damage)
             ... on level 3 of the Dungeon.
             The game lasted 00:08:04 (2515 turns).

monsoonserge the Cutter (Spriggan Monk)             Turns: 2515, Time: 00:08:04

Health: -6/32      AC:  3    Str:  7    XL:     6   Next: 22%
Magic:  7/7        EV: 20    Int: 12    God:    Zin [***...]
Gold:   65         SH:  0    Dex: 19    Spells: 5/5 levels left

rFire   . . .        a - +0 short sword
rCold   . . .        (no shield)
rNeg    . . .        b - +0 robe
rPois   .            (helmet restricted)
rElec   .            x - +0 cloak
rCorr   .            (gloves unavailable)
SInv    +            (boots unavailable)
Will    +....        w - amulet of the acrobat
Stlth   ++           (no ring)
HPRegen 0.25/turn    (no ring)
MPRegen 0.10/turn

%: acrobat
@: very quick
A: very small, no large weapons, unfitting armour, see invisible, speed 3
a: Renounce Religion, Recite, Vitalisation, Imprison, Donate Gold


You were on level 3 of the Dungeon.
You worshipped Zin.
Zin was most pleased with you.
You visited 1 branch of the dungeon, and saw 4 of its levels.

You collected 108 gold pieces.
You spent 33 gold pieces at shops.
You donated 10 gold pieces to Zin.

Inventory:

Hand Weapons
 a - a +0 short sword (weapon)
Missiles
 j - 5 atropa-tipped darts (quivered)
Armour
 b - a +0 robe (worn)
 d - an orb of light
 x - a +0 cloak (worn)
Jewellery
 w - an amulet of the acrobat (around neck)
Talismans
 e - a maw talisman
Scrolls
 i - a scroll of enchant weapon {unknown}
 k - 4 scrolls of summoning {unknown}
 l - 3 scrolls of noise {unknown}
 n - a scroll of amnesia {unknown}
 p - 4 scrolls of identify {unknown}
 q - a scroll of fear {unknown}
 s - a scroll of enchant armour {unknown}
 t - a scroll of immolation {unknown}
 v - 3 scrolls of fog {unknown}
Potions
 c - a potion of ambrosia
 f - a potion of haste {unknown}
 g - a potion of lignification {unknown}
 h - 2 potions of enlightenment {unknown}
 m - 3 potions of curing
 o - a potion of might {unknown}
 r - a potion of resistance {unknown}
 u - 2 potions of attraction {unknown}


   Skills:
 + Level 3.2 Fighting
 * Level 6.2 Short Blades
 + Level 5.1 Dodging
 + Level 2.1 Stealth
 * Level 0.7 Invocations


You had 5 spell levels left.
You didn't know any spells.
Your spell library contained the following spells:

 Spells                   Type           Power      Damage    Failure   Level
 Hailstorm                Conj/Ice       0%         3d5       69%         3
 Summon Ice Beast         Ice/Summ       0%         N/A       69%         3
 Tukima's Dance           Hex            0%         N/A       69%         3
 Dimensional Bullseye     Hex/Tloc       0%         N/A       97%         4
 Iskenderun's Mystic Bla  Conj/Tloc      0%         2d3       97%         4
 Sculpt Simulacrum        Ice/Alch       0%         N/A       100%        6


Dungeon Overview and Level Annotations

Branches:
Dungeon (4/15)
 Temple: D:4-7

Altars:
Trog
Zin

Shops:
D:2 !=*([   D:4 =

Annotations:
D:3 Natasha


Innate Abilities, Weirdness & Mutations

You are very small and have problems with some larger weapons.
You are too small for most types of armour.
You have supernaturally acute eyesight. (SInv)
You cover ground extremely quickly. (Speed+++)


Message History

The hobgoblin closely misses you.
You hit the hobgoblin.
You kill the hobgoblin!
An orc comes into view. It is wielding a +0 dagger.
The gnoll barely misses you.
The orc shouts!
You hit the gnoll but do no damage. The gnoll completely misses you.
The gnoll closely misses you.
You hit the gnoll.
The gnoll is lightly wounded.
The gnoll completely misses you. The gnoll closely misses you.
The rat misses you.
Things that are here:
a +0 club; a goblin corpse The gnoll attacks as it pursues you!
The gnoll hits you with a +0 heavy flail!
A rat comes into view.
You hit the gnoll.
The gnoll is lightly wounded.
The gnoll closely misses you. x2
You hit the gnoll.
The gnoll is heavily wounded.
You barely miss the gnoll.
The gnoll is heavily wounded.
The gnoll hits you from afar with a +0 spear.
The gnoll completely misses you.
You barely miss the gnoll.
The gnoll is heavily wounded.
The gnoll misses you.
You hit the gnoll but do no damage.
The gnoll is heavily wounded.
The gnoll completely misses you. x2
You hit the gnoll.
The gnoll is heavily wounded.
You hit the gnoll.
The gnoll is severely wounded.
The gnoll hits you from afar with a +0 spear.
The gnoll hits you with a +0 heavy flail!!
Ouch! That really hurt!
You die...

#.##..# ######....## ##
.......g...############.
........)o.......#......
.......#gr.........#.###
############...............
#.........##...............
#.....)...##gg......###.)..
#.........@gr........##....
#.........##o..............
#.....>.............###....
#.........######..### #....
#.........# ##.# #....
#.........# #.# #....
#.........# #..# #....
####.###### ##.# ##..# #.#
#.# ##..##


You could see 3 gnolls, an orc and a rat.

Vanquished Creatures
  Sigmund (D:2)
  A hound (D:4)
  A jelly (D:4)
  6 adders
  2 dart slugs
  An orc (D:4)
  5 bats
  3 endoplasms
  3 giant cockroaches
  5 goblins
  5 hobgoblins
  5 kobolds
  2 quokkas
  4 ball pythons
  2 frilled lizards (D:1)
  4 rats
50 creatures vanquished.

Notes
Turn   | Place    | Note
-------+----------+-------------------------------------------
     0 | D:1      | monsoonserge the Spriggan Monk began the quest for the Orb.
     0 | D:1      | Reached XP level 1. HP: 11/11 MP: 2/2
   162 | D:1      | Reached XP level 2. HP: 11/16 MP: 3/3
   771 | D:2      | Reached XP level 3. HP: 17/19 MP: 4/4
   825 | D:2      | Noticed Sigmund
   843 | D:2      | Killed Sigmund
   844 | D:2      | Reached skill level 5 in Short Blades
   844 | D:2      | Reached skill level 5 in Dodging
   844 | D:2      | Reached skill level 1 in Stealth
   844 | D:2      | Reached XP level 4. HP: 16/24 MP: 5/5
   844 | D:2      | Reached XP level 5. HP: 18/28 MP: 6/6
  1115 | D:2      | Found Tamoebud's Antique Armour Shoppe.
  1176 | D:2      | Found Sinue's Weapon Shop.
  1204 | D:2      | Found a faded altar of an unknown god.
  1212 | D:2      | Prayed at the altar of an unknown god.
  1212 | D:2      | Became a worshipper of Zin the Law-Giver
  1212 | D:2      | Reached * piety under Zin
  1212 | D:2      | Reached ** piety under Zin
  1212 | D:2      | Reached *** piety under Zin
  1342 | D:2      | Found Nonwuc's General Store.
  1345 | D:2      | Bought a potion of curing for 33 gold pieces
  1391 | D:2      | Found Suifel's Distillery.
  1409 | D:2      | Found Buivoage's Jewellery Shop.
  2000 | D:3      | Noticed Natasha
  2254 | D:4      | Reached skill level 6 in Short Blades
  2254 | D:4      | Reached XP level 6. HP: 32/32 MP: 7/7
  2338 | D:4      | Found Luelapowk's Jewellery Shoppe.
  2383 | D:3      | Found a bloodstained altar of Trog.
  2515 | D:3      | Mangled by a gnoll

Illustrated notes

Levels and vault maps discovered:
D:1:      matt_arrival_diagonals, layout_basic
D:2:      layout_loops_corners, ebering_ecumenical_altar_rust, serial_shops,
          shop, shop, nicolae_shop_behind_doors, nicolae_shop_real_fake_doors,
          nicolae_shop_bloodbath_and_beyond, grunt_decor_clamped, uniq_sigmund
D:3:      layout_rooms, nicolae_overflow_hidden_temple, uniq_natasha
D:4:      layout_basic, gammafunk_temple_overflow_pools, serial_shops,
          nicolae_shop_statue_plus, uniq_menkaure

Skill      XL: |  1  2  3  4  5  6 |
---------------+-------------------+-----
Fighting       | 3 |  3.2
Short Blades   | 5 6 |  6.2
Dodging        | 5 |  5.1
Stealth        | 1 2 |  2.1
Invocations    | |  0.7

Action                     |  1- 3 |  4- 6 || total
---------------------------+-------+-------++-------
  Melee: Short sword       |    75 |   163 ||   238
         Punch             |     2 |       ||     2
   Stab: Sleeping          |     2 |     6 ||     8
 Armour: Robe              |    15 |    33 ||    48
  Dodge: Dodged            |    42 |   102 ||   144
